Map: Ice and Chrome LE

Players

Mouthfeel - Winner!

  • Race: Protoss Protoss
  • League: Diamond
  • Spawn Location: 1:00

Nerog

  • Race: Zerg Zerg
  • Spawn Location: 7:00

VOD

Have the link to the VOD?

Description

Time

  • Played on: Sept. 6, 2020, 7:16 a.m.
  • Length: 15:32
Show
View Real Time Build Order
Export as new Build Order

Mouthfeel Protoss - Winner!

Build Orders: Carriers 

Get SALT Encoding   

  12  0:00  Probe  
  13  0:12  Probe  
  14  0:20  Pylon  
  14  0:25  Probe  
  15  0:39  Probe (Chrono Boost)  
  15  0:42  Gateway  
  16  0:46  Assimilator  
  16  0:51  Probe (Chrono Boost)  
  17  0:58  Probe (Chrono Boost)  
  18  1:05  Probe  
  19  1:17  Probe  
  20  1:29  Probe  
  20  1:31  Cybernetics Core  
  21  1:42  Pylon  
  21  1:56  Probe  
  21  2:00  Nexus  
  22  2:08  Probe  
  23  2:17  Adept (Chrono Boost)  
  23  2:21  Warp Gate  
  25  2:25  Probe  
  25  2:27  Assimilator  
  26  2:33  Pylon  
  26  2:37  Probe  
  26  2:40  Stalker  
  29  2:49  Probe  
  30  3:00  Stargate  
  30  3:01  Probe  
  31  3:10  Assimilator  
  31  3:15  Probe (Chrono Boost), Shield Battery  
  31  3:19  Adept  
  34  3:21  Probe (Chrono Boost)  
  36  3:30  Robotics Facility  
  36  3:31  Probe x2 (Chrono Boost)  
  37  3:36  Probe (Chrono Boost), Pylon  
  37  3:37  Probe  
  39  3:45  Assimilator  
  39  3:47  Probe  
  40  3:49  Probe  
  40  3:55  Stalker  
  43  3:59  Probe  
  43  4:01  Probe  
  43  4:02  Void Ray (Chrono Boost)  
  49  4:11  Probe  
  50  4:19  Observer  
  51  4:26  Protoss Air Weapons Level 1  
  51  4:37  Stalker  
  53  4:38  Phoenix (Chrono Boost)  
  55  4:46  Observer  
  55  4:47  Probe  
  55  4:48  Probe  
  58  4:59  Probe  
  59  5:00  Probe  
  60  5:08  Pylon  
  60  5:11  Probe  
  60  5:12  Probe, Pylon  
  62  5:20  Void Ray  
  62  5:26  Probe x2  
  68  5:29  Pylon  
  68  5:32  Stalker  
  70  5:45  Observer  
  71  5:57  Void Ray  
  75  6:11  Nexus  
  75  6:13  Pylon  
  75  6:16  Pylon  
  75  6:18  Stargate, Pylon  
  75  6:19  Fleet Beacon  
  75  6:22  Pylon  
  75  6:34  Probe  
  75  6:35  Probe, Void Ray (Chrono Boost)  
  75  6:39  Shield Battery  
  77  6:40  Shield Battery  
  77  6:42  Shield Battery  
  77  6:43  Forge  
  77  6:46  Probe  
  83  6:47  Probe  
  83  6:50  Cybernetics Core  
  83  6:55  Protoss Air Armor Level 1 (Chrono Boost)  
  83  6:59  Probe x2  
  85  7:08  Carrier (Chrono Boost)  
  85  7:09  Assimilator  
  85  7:11  Probe x2  
  85  7:14  Assimilator  
  85  7:15  Void Ray (Chrono Boost)  
  97  7:23  Probe  
  97  7:24  Photon Cannon x2  
  97  7:27  Photon Cannon  
  92  7:56  Void Ray (Chrono Boost)  
  102  8:12  Carrier (Chrono Boost)  
  102  8:16  Probe x3  
  105  8:21  Protoss Shields Level 1 (Chrono Boost)  
  105  8:22  Protoss Air Weapons Level 2 (Chrono Boost)  
  105  8:32  Carrier  
  111  8:38  Nexus  
  111  8:39  Pylon  
  111  8:40  Unknown  
  111  8:43  Pylon  
  111  8:44  Pylon  
  111  8:45  Stargate  
  111  8:47  Twilight Council  
  111  8:54  Observer  
  112  8:59  Probe x3  
  115  9:05  Shield Battery x2  
  115  9:07  Shield Battery  
  115  9:11  Probe x3, Photon Cannon  
  115  9:16  Photon Cannon  
  118  9:23  Probe x3  
  121  9:25  Observer  
  122  9:35  Probe x3  
  125  9:44  Assimilator  
  125  9:47  Probe  
  125  9:48  Carrier (Chrono Boost)  
  125  9:49  Assimilator  
  138  9:57  Carrier (Chrono Boost)  
  134  10:12  Protoss Air Armor Level 2 (Chrono Boost)  
  134  10:18  Templar Archives  
  140  10:33  Protoss Air Weapons Level 3 (Chrono Boost), Carrier (Chrono Boost)  
  140  10:38  Probe x2  
  140  10:39  Probe x2  
  140  10:46  Carrier (Chrono Boost)  
  146  10:50  Probe x2  
  146  10:51  Probe x2  
  146  10:52  Carrier (Chrono Boost)  
  156  11:19  Protoss Shields Level 2 (Chrono Boost)  
  156  11:20  Probe x3  
  156  11:22  Probe, Psionic Storm  
  166  11:27  Carrier (Chrono Boost)  
  166  11:33  Photon Cannon  
  166  11:45  High Templar  
  168  12:00  Pylon x2  
  168  12:02  Pylon  
  168  12:03  Pylon  
  168  12:22  High Templar  
  170  12:24  Nexus  
  170  12:30  Pylon  
  170  12:32  Pylon, Observer  
  170  12:35  Pylon  
  171  13:10  Carrier x2 (Chrono Boost)  
  189  13:16  Nexus, Carrier (Chrono Boost), Pylon  
  189  13:19  Pylon  
  189  13:21  Pylon  
  189  13:26  High Templar  
  191  13:55  Void Ray x2 (Chrono Boost)  
  191  13:56  Shield Battery  
  191  13:57  Shield Battery  
  191  13:59  Shield Battery  
  187  14:32  High Templar  
  189  14:42  Void Ray x2  
Show
View Real Time Build Order
Export as new Build Order

Nerog Zerg 

Build Orders: Hatch First 

Get SALT Encoding   

  12  0:00  Drone  
  13  0:13  Overlord  
  13  0:18  Drone  
  14  0:32  Drone x2  
  16  0:35  Drone  
  17  0:54  Hatchery  
  16  1:03  Drone  
  16  1:04  Drone  
  18  1:08  Extractor  
  17  1:21  Spawning Pool  
  17  1:23  Drone  
  17  1:24  Drone  
  18  1:33  Drone  
  18  1:39  Drone  
  20  2:08  Zergling x4  
  22  2:09  Queen x2  
  22  2:12  Drone  
  27  2:32  Drone  
  27  2:33  Overlord  
  27  2:37  Metabolic Boost  
  28  2:53  Drone  
  28  2:54  Drone x3  
  28  2:57  Queen  
  34  2:58  Queen  
  34  3:02  Overlord  
  34  3:03  Overlord  
  36  3:24  Drone x2  
  36  3:25  Drone  
  36  3:26  Drone  
  40  3:36  Extractor  
  39  3:44  Extractor  
  38  3:48  Evolution Chamber  
  38  3:49  Lair  
  38  3:51  Roach Warren  
  36  3:56  Drone x4  
  36  3:57  Drone x2  
  42  4:17  Drone x2  
  42  4:18  Drone  
  42  4:20  Drone x3  
  48  4:28  Zerg Missile Weapons Level 1  
  48  4:41  Drone x3  
  48  4:44  Drone, Extractor  
  48  4:45  Drone  
  52  4:47  Overlord x2  
  52  4:49  Glial Reconstitution  
  52  5:05  Drone x2  
  52  5:06  Drone  
  55  5:13  Overlord  
  55  5:14  Overlord  
  55  5:27  Roach x2  
  59  5:35  Spore Crawler  
  58  5:37  Spore Crawler  
  58  5:38  Drone  
  58  5:39  Drone  
  59  5:43  Drone  
  60  5:55  Roach, Overlord x2  
  60  5:56  Roach x2  
  60  5:57  Roach  
  68  6:19  Roach x4  
  68  6:20  Roach x4  
  68  6:23  Overlord x2  
  68  6:24  Hatchery  
  83  6:41  Queen, Overlord x2  
  85  6:58  Roach  
  85  6:59  Roach x10  
  107  7:17  Drone x2  
  107  7:21  Extractor  
  108  7:26  Extractor  
  79  7:53  Hydralisk Den  
  54  8:01  Queen  
  54  8:03  Queen  
  58  8:06  Queen  
  60  8:13  Zergling x2  
  60  8:14  Zergling x12  
  67  8:42  Hydralisk  
  67  8:43  Hydralisk x13  
  67  8:48  Roach  
  97  8:49  Roach x5  
  97  8:52  Zerg Ground Armor Level 1  
  107  8:55  Muscular Augments  
  107  9:06  Spore Crawler  
  107  9:08  Drone x5  
  107  9:09  Drone x2  
  113  9:16  Overlord x3  
  113  9:39  Hydralisk  
  113  9:40  Hydralisk x10  
  135  9:49  Infestation Pit  
  128  10:14  Spire  
  126  10:18  Hydralisk  
  126  10:19  Hydralisk x7  
  142  11:01  Hatchery  
  133  11:10  Grooved Spines  
  131  11:12  Hive  
  131  11:26  Drone x4  
  131  11:27  Drone x2  
  131  11:30  Overlord x2  
  131  11:31  Overlord x2  
  131  11:32  Overlord  
  137  11:34  Zerg Flyer Weapons Level 1  
  137  11:35  Zerg Missile Weapons Level 2  
  137  11:50  Corruptor  
  137  11:51  Corruptor x6  
  151  12:03  Drone x2  
  151  12:08  Drone x4  
  157  12:15  Corruptor x2  
  161  12:50  Corruptor  
  161  12:51  Corruptor x7  
  177  13:29  Hydralisk  
  177  13:30  Hydralisk x6  
  135  14:27  Hydralisk  
  135  14:28  Hydralisk x23  
  135  14:29  Hydralisk x5  
  151  14:56  Corruptor x6  
  151  14:57  Corruptor  
Tags
 
Composition
Carriers
League
Diamond
Matchup
PvZ
Spawn Locations
Cross Positions
Add a new tag
Caveats
  • Supply blocks, unpowered buildings, or Contaminate may cause inaccurate times.
  • Supply counts are checked every 10 seconds.